 Dungeon Crawl Stone Soup version 0.18-a0-1637-g109f206 (webtiles) character file.

16913 rand0m the Fighter (level 12, -2/115 HPs)
             Began as a Minotaur Fighter on Mar 26, 2016.
             Was a High Priest of Okawaru.
             Splashed by an oklob plant's acid (9 damage)
             ... on level 2 of the Lair of Beasts.
             The game lasted 00:51:50 (14772 turns).

rand0m the Fighter (Minotaur Fighter)              Turns: 14772, Time: 00:51:51

Health: -2/115     AC: -1    Str: 26    XL:     12   Next: 14%
Magic:  11/11      EV: 14    Int:  5    God:    Okawaru [*****.]
Gold:   972        SH:  7    Dex: 12    Spells: 2 memorised, 0 levels left

rFire  . . .     SeeInvis .     v - +11 dagger of Wondrous Power {venom, Str+2}
rCold  . . .     Gourm    .     m - +0 scale mail {rPois}
rNeg   + . .     Faith    .     W - +1 buckler {reflect}
rPois  +         Spirit   .     (helmet restricted)
rElec  .         Dismiss  .     P - +0 cloak
rCorr  .         Reflect  +     (no gloves)
SustAt .         Harm     .     (no boots)
MR     +....                    y - amulet of regeneration
Stlth  ..........               H - ring of protection from magic
                                R - ring of positive energy

@: about to teleport, corroded, somewhat resistant to hostile enchantments,
extremely unstealthy
A: retaliatory headbutt, horns 2
a: Heroism, Finesse, Renounce Religion


You were on level 2 of the Lair of Beasts.
You worshipped Okawaru.
Okawaru was extremely pleased with you.
You were not hungry.

You visited 3 branches of the dungeon, and saw 14 of its levels.

You collected 972 gold pieces.

Inventory:

Hand Weapons
 q - the +0 trident of Lies {pierce, +Fly}
   (You found it on level 4 of the Dungeon)

   It inflicts extra damage upon your enemies.
   It lets you fly.
 v - the +11 dagger of Wondrous Power (weapon) {venom, Str+2}
   (You found it on level 6 of the Dungeon)

   It poisons the flesh of those it strikes.
   It affects your strength (+2).
 K - a +1 battleaxe
Armour
 e - a +0 plate armour
 m - a +0 scale mail of poison resistance (worn)
 P - a +0 cloak (worn)
 W - a +1 buckler of reflection (worn)
Jewellery
 y - an amulet of regeneration (around neck)
 H - a ring of protection from magic (right hand)
 R - a ring of positive energy (left hand)
Wands
 c - a wand of iceblast (0/15)
 o - a wand of digging (13/24)
 r - a wand of lightning (15/15)
 w - a wand of iceblast (8/15)
 C - a wand of polymorph (13/24)
 E - a wand of random effects (20/48)
 G - a wand of slowing (25/48)
 O - a wand of lightning (8/15)
 S - a wand of iceblast (6/15)
 T - a wand of lightning (5/15)
Scrolls
 z - 3 scrolls of recharging
 F - a scroll of fear
Potions
 b - a potion of degeneration {unknown}
 d - 5 potions of might
 k - 3 potions of cancellation
 n - 2 potions of invisibility
 u - 3 potions of agility
 B - 2 potions of mutation
 I - 4 potions of curing
 Y - a potion of flight
Comestibles
 f - 7 bread rations
 i - 4 slices of pizza
 A - 3 meat rations
 J - a royal jelly
 M - 17 fruits


   Skills:
 * Level 13.1 Fighting
 * Level 12.7 Axes
 + Level 9.7 Armour
 + Level 7.9 Dodging
 + Level 9.9 Shields


You couldn't memorise any spells.
You knew the following spells:

 Your Spells              Type           Power        Failure   Level  Hunger
a - Bolt of Magma         Conj/Fire/Erth #.........   100%        5    ######.
b - Iron Shot             Conj/Erth      #.........   100%        6    #######


Dungeon Overview and Level Annotations

Branches:
Dungeon (11/15)            Temple (1/1) D:6            Lair (2/8) D:10
    Orc (0/2) D:9

Altars:
Ashenzari
Cheibriados
Dithmenos
Elyvilon
Fedhas
Gozag
Kikubaaqudgha
Makhleb
Nemelex Xobeh
Okawaru
Pakellas
Qazlal
Ru
Sif Muna
Trog
Vehumet
Xom
Yredelemnul
Zin
The Shining One
Jiyva

Shops:
D:5 ==   D:7 %   D:10 }

Portals:
Volcano: Lair:2

Annotations:
Lair:2 exclusion: 3 oklob plants


Innate Abilities, Weirdness & Mutations

You reflexively headbutt those who attack you in melee.
You have a pair of horns on your head.


Message History

Unknown command.
You completely miss the oklob plant.
The oklob plant is moderately damaged.
The oklob plant spits acid at you. The splash of acid hits you!
* * * LOW HITPOINT WARNING * * *
The acid burns!
* * * LOW HITPOINT WARNING * * *
Drink which item? (? for menu, Esc to quit)
Okay, then.
Drink which item? (? for menu, Esc to quit)
Okay, then.
Read which item? (? for menu, Esc to quit)
As you read the scroll of teleportation, it crumbles to dust.
You feel strangely unstable. The oklob plant spits acid at you.
The splash of acid hits you!
* * * LOW HITPOINT WARNING * * *
The acid corrodes you!
The acid burns!
You die...

#....... .# P.# ......#
.. #.## #.....###P #..#
#.........
####..###.....#
######.P#..##......#
#($$$P....# ##....P#
#!#[PP....###.....##
#[?P.@...........#
#PPP.#..P.........#
######.P#.........#####
####..............
##........#+#..P
#.......#.......
##......#.......
#.......#+####.#
##..............


You could see 3 oklob plants.

Vanquished Creatures
  Maud (D:10)
  Harold (Lair:1)
  An ogre mage (D:10)
  Maurice (D:10)
  A spiny frog (Lair:2)
  4 komodo dragons
  A kobold demonologist (D:11)
  Grinder (D:4)
  Sigmund (D:6)
  A hill giant zombie (D:9)
  15 yaks
  2 hungry ghosts (D:9)
  A basilisk (D:11)
  3 hippogriffs
  8 porcupines
  3 water moccasins (Lair:1)
  3 orc warriors
  8 phantoms
  A wasp (D:7)
  3 ice beasts
  6 sky beasts
  A necrophage (D:8)
  11 centaurs
  6 ogres
  3 wolves (Lair:1)
  7 crocodiles
  4 big kobolds
  4 giant frogs
  7 scorpions
  4 troll zombies (D:9)
  4 wights (D:10)
  3 howler monkeys
  An electric eel (D:9)
  2 crimson imps
  4 giant frog zombies
  6 hounds
  A wasp zombie (D:11)
  5 orc wizards
  A giant frog skeleton (D:10)
  6 orc priests
  14 two-headed ogre zombies (D:10)
  2 iguanas (D:10)
  3 hell rats (D:5)
  6 worker ants
  4 sheep (Lair:1)
  2 ogre zombies (D:9)
  A hound zombie (D:7)
  14 gnolls
  21 adders
  29 river rats
  2 shadow imps
  A white imp (D:11)
  2 oozes
  3 adder skeletons
  2 worms
  A dart slug (D:1)
  2 giant geckos
  43 orcs
  6 ball pythons
  A giant cockroach (D:7)
  2 gnoll zombies (D:5)
  6 goblins
  7 hobgoblins
  6 jackals
  9 kobolds
  10 quokkas
  9 bats
  6 giant newts
  2 goblin zombies (D:9)
  3 hobgoblin skeletons (D:9)
  2 hobgoblin zombies (D:9)
  4 orc skeletons (D:9)
  14 orc zombies (D:9)
  28 rats
  A plant (Lair:2)
414 creatures vanquished.

Vanquished Creatures (others)
  2 fungi (Lair:1)
  18 plants (D:10)
20 creatures vanquished.

Grand Total: 434 creatures vanquished

Notes
Turn   | Place    | Note
--------------------------------------------------------------
     0 | D:1      | rand0m the Minotaur Fighter began the quest for the Orb.
     0 | D:1      | Reached XP level 1. HP: 19/19 MP: 0/0
   236 | D:1      | Reached XP level 2. HP: 25/27 MP: 1/1
   394 | D:1      | Reached skill level 4 in Fighting
   655 | D:2      | Reached XP level 3. HP: 22/33 MP: 2/2
   898 | D:2      | Reached skill level 1 in Dodging
  1100 | D:2      | Reached XP level 4. HP: 34/41 MP: 3/3
  1107 | D:2      | Reached XP level 5. HP: 30/47 MP: 4/4
  1448 | D:3      | Reached skill level 5 in Fighting
  1711 | D:3      | Reached XP level 6. HP: 54/56 MP: 5/5
  2413 | D:4      | Found a shimmering altar of Xom.
  2415 | D:4      | Noticed an angel
  2456 | D:4      | Found a glowing silver altar of Zin.
  2496 | D:4      | Reached skill level 5 in Axes
  2682 | D:4      | Got a dazzling trident
  2692 | D:4      | Noticed Grinder
  2702 | D:4      | Reached skill level 6 in Fighting
  2712 | D:4      | Killed Grinder
  2712 | D:4      | Reached skill level 5 in Armour
  2712 | D:4      | Reached skill level 5 in Shields
  2712 | D:4      | Reached XP level 7. HP: 25/64 MP: 6/6
  2905 | D:4      | Identified the cursed +0 trident of Lies {pierce, +Fly} (You found it on level 4 of the Dungeon)
  3440 | D:5      | Entered Level 5 of the Dungeon
  3663 | D:5      | Reached skill level 7 in Fighting
  3774 | D:5      | Reached XP level 8. HP: 44/73 MP: 7/7
  4089 | D:5      | Found a shimmering altar of Xom.
  4768 | D:5      | Found Qijerar's Jewellery Emporium.
  5073 | D:5      | HP: 2/73 [hell rat (14)]
  5842 | D:5      | Found a basalt altar of Yredelemnul.
  5895 | D:5      | Found Ykku's Jewellery Shop.
  6555 | D:6      | Reached skill level 8 in Fighting
  6574 | D:6      | Got a warped dagger
  6583 | D:6      | Identified the +11 dagger of Wondrous Power {venom, Str+2} (You found it on level 6 of the Dungeon)
  6731 | D:6      | Found a radiant altar of Vehumet.
  6737 | D:6      | Found an iron altar of Okawaru.
  6738 | D:6      | Found a shattered altar of Ashenzari.
  6740 | D:6      | Found an opulent altar of Gozag.
  6753 | D:6      | Reached XP level 9. HP: 74/82 MP: 8/8
  6757 | D:6      | Became a worshipper of Warmaster Okawaru
  6786 | D:6      | Found a staircase to the Ecumenical Temple.
  6797 | Temple   | Entered the Ecumenical Temple
  7009 | D:6      | Noticed Sigmund
  7011 | D:6      | Killed Sigmund
  7491 | D:7      | Reached skill level 9 in Fighting
  7515 | D:7      | Reached skill level 5 in Dodging
  7608 | D:7      | Found Guagrici's Food Emporium.
  7847 | D:7      | Found a snail-covered altar of Cheibriados.
  7991 | D:7      | Reached * piety under Okawaru
  8034 | D:7      | Found a burning altar of Makhleb.
  8036 | D:7      | Found a deep blue altar of Sif Muna.
  8757 | D:8      | Reached skill level 10 in Fighting
  8804 | D:8      | Reached XP level 10. HP: 93/93 MP: 9/9
  8873 | D:8      | Found a blossoming altar of Fedhas.
  9035 | D:8      | Reached ** piety under Okawaru
  9268 | D:9      | Reached skill level 10 in Axes
  9327 | D:9      | HP: 3/94 [electric eel/bolt of electricity (7)]
  9912 | D:9      | Found a glowing golden altar of the Shining One.
  9913 | D:9      | Found a sparkling altar of Nemelex Xobeh.
 10032 | D:9      | Found a staircase to the Orcish Mines.
 10146 | D:9      | Reached *** piety under Okawaru
 10374 | D:10     | Entered Level 10 of the Dungeon
 10398 | D:10     | Found a staircase to the Lair.
 10404 | D:10     | Noticed Maud
 10420 | D:10     | Killed Maud
 10420 | D:10     | Reached **** piety under Okawaru
 10420 | D:10     | Reached skill level 11 in Fighting
 10905 | D:10     | Reached XP level 11. HP: 102/102 MP: 10/10
 11224 | D:10     | Found an oddly glowing altar of Pakellas.
 11260 | D:10     | Found Ucvetooxt's Gadget Boutique.
 11651 | D:10     | Noticed Maurice
 11665 | D:10     | Killed Maurice
 11983 | D:10     | Noticed an ogre mage
 12018 | D:10     | Reached skill level 12 in Fighting
 12026 | D:10     | Killed an ogre mage
 12026 | D:10     | Reached ***** piety under Okawaru
 12360 | Lair:1   | Entered Level 1 of the Lair of Beasts
 12998 | Lair:1   | Noticed Harold
 13022 | Lair:1   | Killed Harold
 13022 | Lair:1   | Received a gift from Okawaru
 13190 | Lair:1   | Received a gift from Okawaru
 13979 | Lair:1   | Reached XP level 12. HP: 113/113 MP: 11/11
 14016 | Lair:1   | Learned a level 5 spell: Bolt of Magma
 14023 | Lair:1   | Learned a level 6 spell: Iron Shot
 14053 | Lair:2   | Reached skill level 13 in Fighting
 14626 | Lair:2   | Found a dark tunnel.
 14772 | Lair:2   | Splashed by an oklob plant's acid

Vault maps used:
D:1:      eino_arrival_druids_welcome, st_stairs_9
D:2:      cheibrodos_gnoll_hut
D:3:      lemuel_upstairs_altar, minmay_snake_closets
D:4:      grunt_temple_overflow_order_and_chaos_1, first_bread, uniq_grinder
D:5:      lemuel_ratsnest, lemuel_zombie_altar_yredelemnul, serial_shops,
          kennysheep_mini_moat, nicolae_shop_behind_doors,
          hangedman_abyss_or_decor_passed, minmay_strange_pillars, tgw_xom
D:6:      grunt_temple_overflow_open, minmay_temple_entry_enclosed_plants,
          serial_bayou_pond_c, uniq_sigmund
D:7:      nicolae_overflow_hidden_temple, serial_shops, nicolae_shop_stone,
          cheibriados_altar_wand_db
D:8:      hangedman_tree_tricks, hangedman_abyss_or_decor_jellyfish_corner
D:9:      gammafunk_temple_overflow_statue, zombieorc2_lemuel
D:10:     lemuel_ogre_cave, david_lair_shrubbed, serial_shops,
          kennysheep_little_box, minmay_misc_feat_diagonals,
          grunt_pakellas_basics, uniq_maud, uniq_maurice
D:11:     minmay_weird_star, nicolae_trove_entry_crystal, minmay_nine_imps,
          uniq_sonja
Temple:   pf_slime_end_temple
Lair:1:   uniq_harold
Lair:2:   minmay_lair_oklob_chamber, nicolae_volcano_entry_two_sided

Skill      XL: |  1  2  3  4  5  6  7  8  9 10 11 12 |
---------------+-------------------------------------+-----
Fighting       | 4 5 6 7 8 10 11 12 13 | 13.1
Axes           | 3 4 5 6 7 9 11 12 | 12.7
Armour         | 4 5 6 7 8 9 |  9.7
Dodging        | 1 2 3 4 5 6 7 |  7.9
Shields        | 4 5 6 7 8 9 |  9.9

Action                   |  1- 3 |  4- 6 |  7- 9 | 10-12 || total
-------------------------+-------+-------+-------+-------++-------
Melee: War axe           |    72 |   140 |   171 |     7 ||   390
       Dagger            |       |       |   186 |   697 ||   883
       Trident           |       |       |       |     3 ||     3
 Abil: Evoke Flight      |       |       |       |     1 ||     1
Evoke: Wand              |       |       |       |     2 ||     2
  Use: Scroll            |       |    10 |    11 |     9 ||    30
       Potion            |       |       |     4 |     3 ||     7
  Eat: Chunk             |     1 |     5 |    15 |    21 ||    42
       Beef jerky        |       |       |     1 |     1 ||     2
       Royal jelly       |       |       |     1 |       ||     1
       Pizza             |       |       |     1 |       ||     1
